 Dungeon Crawl Stone Soup version 0.29-a0-506-ga2e7fffb44 (webtiles) character file.

Game seed: 10860010989954406698

4545 Scoutboy87 the Nimble (level 10, -3/84 HPs)
             Began as a Minotaur Fighter on May 28, 2022.
             Was a Believer of the Shining One.
             Slain by a death yak (16 damage)
             ... on level 8 of the Dungeon.
             The game lasted 00:24:35 (7404 turns).

Scoutboy87 the Nimble (Minotaur Fighter)            Turns: 7404, Time: 00:24:35

Health: -3/84      AC: 13    Str: 26    XL:     10   Next: 17%
Magic:  9/9        EV: 17    Int:  5    God:    the Shining One [**....]
Gold:   435        SH:  5    Dex:  9    Spells: 9/9 levels left

rFire   . . .      SeeInvis .   a - +0 war axe
rCold   . . .      Faith    .   c - +1 buckler
rNeg    + . .      Spirit   .   b - +0 scale mail
rPois   .          Reflect  .   s - +2 hat
rElec   .          Harm     .   J - +0 cloak
rCorr   .          Rampage  +   (no gloves)
Will    .....                   v - +1 pair of boots {rampage}
Stlth   ..........              (no amulet)
HPRegen 0.24/turn               k - +4 ring of slaying
MPRegen 0.11/turn               d - +4 ring of evasion

@: mighty, lethally poisoned (-3 -> -6), about to teleport, marked, glowing,
studying Spellcasting
A: horns 2, retaliatory headbutt
a: Renounce Religion, Divine Shield


You were on level 8 of the Dungeon.
You worshipped the Shining One.
The Shining One was pleased with you.
You visited 2 branches of the dungeon, and saw 9 of its levels.
You also visited: Sewer.

You collected 468 gold pieces.
You spent 33 gold pieces at shops.

Inventory:

Hand Weapons
 a - a +0 war axe (weapon)
Missiles
 f - 157 stones (quivered)
 A - a throwing net
Armour
 b - a +0 scale mail (worn)
 c - a +1 buckler (worn)
 s - a +2 hat (worn)
 v - a +1 pair of boots of rampaging (worn)
 H - a +0 plate armour
 J - a +0 cloak (worn)
Jewellery
 d - a +4 ring of evasion (right hand)
 k - a +4 ring of slaying (left hand)
Wands
 n - a wand of flame (25)
 r - a wand of iceblast (2)
 u - a wand of acid (11)
 B - a wand of digging (3)
Scrolls
 g - 3 scrolls of teleportation
 j - 4 scrolls of blinking
 l - 2 scrolls of immolation
 m - a scroll of noise
 q - a scroll of summoning
 y - a scroll of silence
 D - a scroll of magic mapping
 E - a scroll of enchant armour
 G - a scroll of fear
 I - a scroll of identify
Potions
 e - 2 potions of invisibility
 h - 5 potions of brilliance
 i - 4 potions of curing
 o - 3 potions of heal wounds
 p - 2 potions of lignification
 t - a potion of flight {unknown}
 w - a potion of mutation {unknown}
 z - a potion of resistance {unknown}
 C - 2 potions of ambrosia {unknown}
 F - a potion of degeneration {unknown}


   Skills:
 * Level 6.9 Fighting
 + Level 8.8 Axes
 * Level 3.1 Throwing
 + Level 6.6 Armour
 * Level 13.5 Dodging
 + Level 4.9 Shields
 * Level 0.8 Invocations
 * Level 0.7 Evocations


You had 9 spell levels left.
You didn't know any spells.
Your spell library contained the following spells:

 Spells                   Type           Power      Damage    Failure   Level
 Summon Lightning Spire   Summ/Air       0%         N/A       100%        4
 Storm Form               Tmut/Air       0%         N/A       100%        7
 Maxwell's Capacitive Co  Air            0%         ∞         100%        8


Dungeon Overview and Level Annotations

Branches:
Dungeon (8/15)             Temple (1/1) D:5           Sewer (visited)
   Lair: D:8-11

Altars:
Ashenzari
Cheibriados
Elyvilon
Fedhas
Gozag
Hepliaklqana
Makhleb
Nemelex Xobeh
Okawaru
Qazlal
Ru
Sif Muna
Trog
Vehumet
Wu Jian
Yredelemnul
Zin
The Shining One

Shops:
D:4 *


Innate Abilities, Weirdness & Mutations

You have a pair of horns on your head.
You reflexively headbutt those who attack you in melee.


Message History

You slash the rat!
You kill the rat!
The death yak barely misses you. You furiously retaliate!
You headbutt the death yak, but do no damage.
You slash the death yak!
The death yak is heavily wounded.
You barely miss the kobold. You slash the death yak!
The kobold hits you but does no damage.
The kobold brigand throws a poisoned dart.
The poisoned dart hits you!
You are poisoned.
The death yak gores you but does no damage.
The death yak closely misses you.
You slash the death yak!
The death yak is severely wounded.
You slice the kobold!!
You kill the kobold!
You hit the death yak. You closely miss the quokka.
You feel sick. The death yak gores you!!
The kobold brigand throws a poisoned dart.
The poisoned dart closely misses you.
A wight comes into view. It is wielding a +0 scimitar.
The death yak gores you.
The quokka bites you but does no damage.
As you read the scroll of teleportation, it crumbles to dust.
You feel strangely unstable.
You feel sick. The quokka bites you. The death yak gores you!
* * * LOW HITPOINT WARNING * * *
The death yak closely misses you. You furiously retaliate!
You headbutt the death yak. You completely miss the death yak.
The death yak is severely wounded.
You hit the quokka.
You kill the quokka!
You slash the death yak! You slash the kobold brigand!
You feel sick.
A wight comes into view. It is wielding a +0 short sword.
The kobold brigand misses you.
A kobold brigand comes into view.
It is wielding a +0 dagger and quivering poisoned darts.
The death yak gores you!
You die...

##+##.. ######.... .#
#.....#######...#..... ...
#.....#....#....#..... ....
#.....#....'....#.....
.....#.....#....#....#.....
Y....'.....#....#....#.....
#.z...#########'#))...
.......#'###...###...#.....
....$..#.Y@K...#.....#.)...
.......#.nYK...#.....#.....
r......#.......#.....#.....
.......#.......#.....#.....
.#.....#.......#.....')....
r.....#.......#.....#.....
.######'####'###.....
........K........####
......K..†.......#...


You could see 2 death yaks, 2 kobold brigands, a necrophage, a wight and a
kobold.

Vanquished Creatures
  A death yak (D:8)
  A hornet (D:7)
  An acid dragon (D:5)
  A water moccasin (D:7)
  2 orc warriors
  2 ice beasts
  3 sky beasts
  2 black bears
  4 ogres
  Pargi (Sewer)
  2 centaurs
  3 phantoms
  Blork the orc (D:6)
  3 bullfrogs
  A necrophage (D:6)
  5 scorpions
  A howler monkey (D:6)
  A crimson imp (D:5)
  3 bullfrog zombies (D:6)
  A hound (D:4)
  A centaur skeleton (D:6)
  3 orc priests (D:7)
  2 jellies
  5 iguanas
  Ijyb (D:3)
  3 gnoll shamans
  An orc wizard (D:5)
  4 howler monkey zombies (D:6)
  20 gnolls
  4 adders
  5 white imps
  An ufetubus (D:5)
  A worm (D:2)
  2 dart slugs
  26 orcs
  11 endoplasms
  A giant cockroach (D:1)
  9 goblins
  7 hobgoblins
  4 jackals (D:2)
  6 quokkas
  5 ball pythons
  6 bats
  3 frilled lizards
  17 kobolds
  4 rats
191 creatures vanquished.

Vanquished Creatures (others)
  2 fungi (D:2)
  9 toadstools (D:2)
  A withered plant (D:6)
12 creatures vanquished.

Grand Total: 203 creatures vanquished

Notes
Turn   | Place    | Note
-------+----------+-------------------------------------------
     0 | D:1      | Scoutboy87 the Minotaur Fighter began the quest for the
                  | Orb.
     0 | D:1      | Reached XP level 1. HP: 19/19 MP: 0/0
   282 | D:1      | Reached XP level 2. HP: 27/27 MP: 1/1
   989 | D:2      | Reached skill level 1 in Dodging
   989 | D:2      | Reached XP level 3. HP: 33/33 MP: 2/2
  1406 | D:2      | Reached XP level 4. HP: 32/40 MP: 3/3
  1755 | D:3      | Found a glowing drain.
  1759 | Sewer    | Entered a sewer
  1805 | Sewer    | Noticed Pargi
  1816 | Sewer    | Killed Pargi
  1817 | Sewer    | Reached skill level 2 in Dodging
  1817 | Sewer    | Reached XP level 5. HP: 47/47 MP: 4/4
  2104 | D:3      | Noticed Ijyb
  2113 | D:3      | Killed Ijyb
  3225 | D:3      | Reached skill level 12 in Dodging
  3225 | D:3      | Reached XP level 6. HP: 55/55 MP: 5/5
  3328 | D:4      | Reached XP level 7. HP: 60/60 MP: 6/6
  3352 | D:4      | Reached skill level 5 in Fighting
  3352 | D:4      | Reached skill level 5 in Axes
  3352 | D:4      | Reached skill level 5 in Armour
  3352 | D:4      | Reached skill level 13 in Dodging
  3488 | D:4      | Found Katutroc's General Store.
  3499 | D:4      | Bought a potion of curing for 33 gold pieces
  3952 | D:5      | Entered Level 5 of the Dungeon
  3970 | D:5      | Reached XP level 8. HP: 67/68 MP: 7/7
  4336 | D:5      | Found a staircase to the Ecumenical Temple.
  4885 | Temple   | Entered the Ecumenical Temple
  4891 | Temple   | Became a worshipper of the Shining One
  5099 | D:6      | Noticed Blork the orc
  5105 | D:6      | Killed Blork the orc
  5108 | D:6      | Reached skill level 1 in Throwing
  5108 | D:6      | Reached XP level 9. HP: 75/75 MP: 8/8
  5365 | D:6      | Reached * piety under the Shining One
  6566 | D:7      | Reached ** piety under the Shining One
  7316 | D:8      | Reached XP level 10. HP: 84/84 MP: 9/9
  7381 | D:8      | Noticed a death yak
  7393 | D:8      | Noticed a death yak
  7395 | D:8      | Noticed a death yak
  7399 | D:8      | Killed a death yak
  7404 | D:8      | Slain by a death yak

Illustrated notes

Levels and vault maps discovered:
D:1:      heliophobic_arrival_glass_houses, layout_basic,
          grunt_decor_mini_mirrors, corexii_item_surrounded_by_moat, hex_large,
          minmay_door_square
D:2:      cheibrodos_fertilizer, layout_basic
D:3:      layout_basic, gup_sewer_entry_bowl, chequers_serial_rivers_large_a,
          minmay_misc_feat_ornament, uniq_ijyb
D:4:      layout_cave_pods, serial_shops, nicolae_stop_n_shop_1
D:5:      layout_rooms, minmay_temple_entry_sparse_star, minmay_fire_ice_demons
D:6:      layout_basic, serial_undead, serial_undead_b, serial_undead_c,
          serial_undead_d, serial_undead_e, roderic_three_in_a_row,
          uniq_blork_the_orc
D:7:      layout_basic
D:8:      layout_gridville, dpeg_lair_monsters
Temple:   dpeg_three_leaves_temple

Skill      XL: |  1  2  3  4  5  6  7  8  9 10 |
---------------+-------------------------------+-----
Fighting       | 4 5 6 |  6.9
Dodging        | 1 2 12 13 | 13.5
Axes           | 3 4 5 7 8 |  8.8
Armour         | 4 5 6 |  6.6
Shields        | 4 |  4.9
Throwing       | 1 2 3 |  3.1
Invocations    | |  0.8
Evocations     | |  0.7

Action                   |  1- 3 |  4- 6 |  7- 9 | 10-12 || total
-------------------------+-------+-------+-------+-------++-------
Melee: War axe           |    60 |    73 |   214 |    14 ||   361
       Headbutt          |     8 |     8 |    38 |     2 ||    56
Throw: Stone             |       |       |    34 |       ||    34
  Use: Scroll            |     2 |    12 |     5 |     1 ||    20
       Potion            |     1 |     3 |     4 |     1 ||     9
Armor: Scale mail        |    35 |    33 |    51 |    11 ||   130
Dodge: Dodged            |    31 |    41 |   156 |    10 ||   238
Block: Buckler           |    15 |    13 |    50 |     2 ||    80

Table legend: (Time is in decaauts)
 A = Elapsed time spent in this place.
 B = Non-inter-level travel time spent in this place.
 C = Inter-level travel time spent in this place.
 D = Time resting spent in this place.
 E = Time spent auto-exploring this place.
 F = Levels seen in this place.
 G = Mean time per level.
                   A        B        C        D        E       F      G
               +--------+--------+--------+--------+--------+-----+--------+
         Total |   7559 |   7169 |    390 |   1000 |   5045 |  10 |  755.9 |
       Dungeon |   7240 |   6852 |    388 |   1000 |   4794 |   8 |  905.0 |
        Temple |     54 |     52 |      2 |      0 |     44 |   1 |   54.0 |
         Sewer |    265 |    265 |      0 |      0 |    207 |   1 |  265.0 |
               +--------+--------+--------+--------+--------+-----+--------+

Top non-repeatable levels by time:
     D:3: 1384 daAuts
     D:7: 1206 daAuts
     D:5: 1098 daAuts
     D:1: 854 daAuts
     D:2: 813 daAuts
     D:6: 805 daAuts
     D:4: 734 daAuts
     D:8: 342 daAuts
   Sewer: 265 daAuts
  Temple: 54 daAuts
